 Dungeon Crawl Stone Soup version 0.23.1 (webtiles) character file.

Game seed: 0

18509 esteth the Severer (level 12, -10/100 HPs)
             Began as a Minotaur Berserker on Mar 8, 2019.
             Was an Elder of Trog.
             Killed from afar by a frost giant (44 damage)
             ... with a bolt of cold
             ... in an ice cave on Mar 9, 2019.
             The game lasted 00:24:28 (10222 turns).

esteth the Severer (Minotaur Berserker)            Turns: 10222, Time: 00:24:29

Health: -10/100    AC: 16    Str: 24    XL:     12   Next: 28%
Magic:  24/24      EV: 12    Int:  4    God:    Trog [****..]
Gold:   715        SH:  0    Dex: 15    Spells: 11/11 levels left

rFire    . . .     SeeInvis +   B - +2 war axe (chop)
rCold    . . .     Gourm    .   (no shield)
rNeg     . . .     Faith    .   p - +0 plate armour
rPois    .         Spirit   .   (helmet restricted)
rElec    .         Reflect  .   (no cloak)
rCorr    .         Harm     .   (no gloves)
MR       ++...                  R - +1 pair of boots
Stlth    ..........             (no amulet)
HPRegen  1.26/turn              h - ring of flight
MPRegen  0.19/turn              x - ring of magical power

@: regenerating
A: retaliatory headbutt, horns 2, see invisible, strong 1
a: Berserk, Trog's Hand, Brothers in Arms, Renounce Religion, Evoke Flight


You were in an ice cave.
You worshipped Trog.
Trog was greatly pleased with you.
You were very hungry.

You visited 1 branch of the dungeon, and saw 11 of its levels.
You also visited: Ice Cave.

You collected 715 gold pieces.

Inventory:

Hand Weapons
 d - a +0 antimagic flail
 j - a +3 hand axe of chopping
 w - a +0 battleaxe
 y - the +5 arbalest of Collusion {venom, Str+2}
   (You found it on level 7 of the Dungeon)

   It poisons the ammo it fires.
   It affects your strength (+2).
 B - a +2 war axe of chopping (weapon)
 G - a +2 dire flail of freezing
Missiles
 A - 9 bolts
Armour
 b - a +0 animal skin
 k - a +0 leather armour of poison resistance
 p - a +0 plate armour (worn)
 R - a +1 pair of boots (worn)
Jewellery
 h - a ring of flight (left hand)
 x - a ring of magical power (right hand)
Wands
 s - a wand of random effects (20)
 t - a wand of iceblast (13)
 D - a wand of flame (18)
 E - a wand of clouds (4)
 J - a wand of acid (8)
 K - a wand of digging (6)
 P - a wand of disintegration (27)
Scrolls
 a - 5 scrolls of remove curse
 e - a scroll of fog
 o - 3 scrolls of teleportation
 u - 3 scrolls of identify
 F - a scroll of vulnerability {unknown}
 H - 2 scrolls of enchant weapon
 N - a scroll of blinking
 O - 2 scrolls of fear
Potions
 f - 3 potions of mutation
 g - a potion of degeneration {unknown}
 i - 4 potions of lignification
 l - a potion of ambrosia {unknown}
 m - 2 potions of agility {unknown}
 n - 2 potions of curing
 q - a potion of resistance {unknown}
 r - 3 potions of might {unknown}
 v - 2 potions of flight {unknown}
 z - a potion of brilliance {unknown}
 C - 2 potions of heal wounds {unknown}
Miscellaneous
 I - a phial of floods
Comestibles
 c - 16 rations


   Skills:
 - Level 7.3 Fighting
 - Level 16.0 Axes
 + Level 7.1 Crossbows
 + Level 9.2 Armour
 + Level 8.5 Dodging
 + Level 5.9 Evocations


You had 11 spell levels left.
You didn't know any spells.
Your spell library was empty.

Dungeon Overview and Level Annotations

Branches:
Dungeon (11/15)            Temple (0/1) D:6
   Lair: D:8-11         Orc: D:9-12

Altars:
Ashenzari
Dithmenos
Elyvilon
Fedhas
Gozag
Hepliaklqana
Qazlal
Uskayaw
Wu Jian
Xom
Yredelemnul
Zin
The Shining One


Innate Abilities, Weirdness & Mutations

You reflexively headbutt those who attack you in melee.
You have a pair of horns on your head.
You have supernaturally acute eyesight. (SInv)
Your muscles are strong. (Str +2)


Message History

The death yak is almost dead.
The death yak gores you!
You slash the death yak!
You kill the death yak!
Trog accepts your kill.
You start resting.
The frost giant is too close now for your liking.
Your skin crawls.
You feel resistant to hostile enchantments.
You are feeling hungry.
Your ogre goes berserk!
You are feeling very hungry.
The frost giant casts a spell at you. The bolt of cold hits you!!!
* * * LOW HITPOINT WARNING * * *
You feel better.
Your ogre hits the frost giant with a +0 giant spiked club!!
The frost giant gestures at you while chanting.
The bolt of cold hits you!!!
You die...

######## #####
##......## ##....
##...###..####.....
#.@⌠..###...#....##
##.CO## ###...####
###..# #######..##
#..####..####(#.#
###..#.##..#.#.≈≈
###.#####..##.# ###
###Y..# ###.. ##h


You could see a frost giant and a friendly ogre (berserk).

Vanquished Creatures
  2 two-headed ogres
  2 death yaks (IceCv)
  2 unseen horrors
  A deep elf mage (D:10)
  An ugly thing (D:9)
  2 centaur zombies (D:10)
  Maurice (D:10)
  An ice statue (IceCv)
  A kobold demonologist (D:10)
  A troll (D:10)
  9 polar bears (IceCv)
  18 yaks
  Eustachio (D:4)
  3 hungry ghosts
  Edmund (D:6)
  An acid dragon (D:11)
  4 water moccasins
  11 ice beasts
  4 ogres
  4 orc warriors
  A hornet zombie (D:9)
  A sky beast (D:10)
  11 wolves (IceCv)
  An eye of draining (D:9)
  2 necrophages (D:9)
  5 centaurs
  2 big kobolds
  2 bullfrogs
  2 gnoll sergeants
  2 wyvern zombies
  A wyvern skeleton (D:10)
  2 scorpions
  13 wights
  4 crimson imps
  2 bullfrog zombies
  A hound (D:5)
  2 jellies
  6 orc priests
  2 centaur skeletons
  An iguana (D:2)
  17 orc wizards
  12 worker ants
  2 hound skeletons
  2 worker ant zombies (D:9)
  17 gnolls
  11 adders
  4 shadow imps
  An ooze (D:6)
  An adder skeleton (D:4)
  An adder zombie (D:9)
  3 worms
  3 dart slugs
  10 leopard geckos
  30 orcs
  4 ball pythons
  5 giant cockroaches
  5 hobgoblins
  4 jackals
  7 quokkas
  4 bats
  2 frilled lizards
  6 goblins
  19 kobolds
  A leopard gecko skeleton (D:7)
  3 leopard gecko zombies
  A quokka skeleton (D:7)
  7 rats
  A fungus (D:2)
316 creatures vanquished.

Vanquished Creatures (collateral kills)
  Harold (D:8)
  2 polar bears (IceCv)
  A wolf (IceCv)
  A leopard gecko (D:9)
  A kobold (D:10)
6 creatures vanquished.

Vanquished Creatures (others)
  A yak (IceCv)
1 creature vanquished.

Grand Total: 323 creatures vanquished

Notes
Turn   | Place    | Note
-------+----------+-------------------------------------------
     0 | D:1      | esteth the Minotaur Berserker began the quest for the Orb.
     0 | D:1      | Reached XP level 1. HP: 19/19 MP: 0/0
     6 | D:1      | Noticed a minotaur zombie
   236 | D:1      | Reached XP level 2. HP: 28/28 MP: 1/1
   743 | D:2      | Reached skill level 4 in Axes
   743 | D:2      | Reached XP level 3. HP: 35/35 MP: 2/2
   775 | D:2      | Reached ** piety under Trog
   775 | D:2      | Reached skill level 5 in Fighting
   836 | D:2      | Reached XP level 4. HP: 24/42 MP: 3/3
  1006 | D:2      | Found an opulent altar of Gozag.
  1007 | D:2      | Found a shimmering altar of Xom.
  1199 | D:2      | Reached skill level 5 in Axes
  1403 | D:2      | Found a stormy altar of Qazlal.
  1405 | D:2      | Reached XP level 5. HP: 50/50 MP: 4/4
  1407 | D:2      | Found a white marble altar of Elyvilon.
  1409 | D:2      | Found a shadowy altar of Dithmenos.
  1409 | D:2      | Found a basalt altar of Yredelemnul.
  1410 | D:2      | Found a glowing silver altar of Zin.
  1410 | D:2      | Found a glowing golden altar of the Shining One.
  1411 | D:2      | Found a hide-covered altar of Uskayaw.
  1412 | D:2      | Found an ornate altar of the Wu Jian Council.
  1413 | D:2      | Found a hazy altar of Hepliaklqana.
  1919 | D:3      | Reached *** piety under Trog
  2136 | D:4      | Found a shattered altar of Ashenzari.
  2159 | D:4      | Reached XP level 6. HP: 31/58 MP: 5/5
  2568 | D:4      | Noticed Eustachio
  2762 | D:4      | Killed Eustachio
  2762 | D:4      | Reached skill level 6 in Axes
  2816 | D:5      | Entered Level 5 of the Dungeon
  2819 | D:5      | Reached XP level 7. HP: 64/64 MP: 6/6
  3472 | D:6      | Reached skill level 7 in Axes
  3497 | D:6      | Found a blossoming altar of Fedhas.
  3523 | D:6      | Reached XP level 8. HP: 64/73 MP: 7/7
  3523 | D:6      | Reached skill level 8 in Axes
  3662 | D:6      | Reached skill level 9 in Axes
  3732 | D:6      | Killed an unseen horror
  3732 | D:6      | Reached skill level 11 in Axes
  3878 | D:6      | Noticed Edmund
  3888 | D:6      | Killed Edmund
  3916 | D:6      | Found a staircase to the Ecumenical Temple.
  3936 | D:6      | Reached **** piety under Trog
  3939 | D:6      | Reached XP level 9. HP: 62/79 MP: 8/8
  4270 | D:7      | Got a jewelled arbalest
  4271 | D:7      | Identified the +5 arbalest of Collusion {venom, Str+2} (You
                  | found it on level 7 of the Dungeon)
  4408 | D:7      | Reached skill level 12 in Axes
  4702 | D:7      | Reached skill level 13 in Axes
  4714 | D:7      | You fall through a shaft for 3 floors!
  4714 | D:10     | Entered Level 10 of the Dungeon
  4946 | D:9      | Noticed a purple ugly thing
  4956 | D:9      | Killed a purple ugly thing
  4956 | D:9      | Reached skill level 14 in Axes
  5014 | D:8      | Gained mutation: Your muscles are strong. (Str +2) [potion
                  | of mutation]
  5014 | D:8      | Gained mutation: You have supernaturally acute eyesight.
                  | (SInv) [potion of mutation]
  5037 | D:8      | Reached XP level 10. HP: 86/86 MP: 9/9
  5269 | D:7      | Found a white marble altar of Elyvilon.
  5647 | D:8      | Noticed Harold
  5654 | D:8      | Killed Harold
  5654 | D:8      | Reached skill level 15 in Axes
  6225 | D:8      | Noticed an unseen horror
  6232 | D:8      | Killed an unseen horror
  6232 | D:8      | Reached skill level 16 in Axes
  6456 | D:8      | Noticed a two-headed ogre
  6464 | D:8      | Killed a two-headed ogre
  6464 | D:8      | Reached skill level 1 in Crossbows
  6464 | D:8      | Reached skill level 5 in Armour
  6464 | D:8      | Reached skill level 1 in Evocations
  6509 | D:8      | Reached skill level 5 in Dodging
  7061 | D:9      | Found a glowing golden altar of the Shining One.
  7149 | D:9      | Noticed a two-headed ogre
  7158 | D:9      | Killed a two-headed ogre
  7158 | D:9      | Reached XP level 11. HP: 61/92 MP: 11/11
  7425 | D:10     | Noticed a deep elf mage
  7432 | D:10     | Killed a deep elf mage
  7433 | D:10     | Reached ***** piety under Trog
  7639 | D:10     | Noticed Maurice
  7658 | D:10     | Received a gift from Trog
  7675 | D:10     | Killed Maurice
  8174 | D:11     | Found a frozen archway.
  8195 | D:11     | Reached skill level 5 in Crossbows
  8369 | IceCv    | Entered an ice cave
  8857 | IceCv    | Reached skill level 5 in Evocations
  9593 | IceCv    | Reached XP level 12. HP: 48/100 MP: 14/14
  9875 | IceCv    | Noticed a death yak
  9892 | IceCv    | Killed a death yak
 10175 | IceCv    | Noticed a death yak
 10175 | IceCv    | Noticed a frost giant
 10212 | IceCv    | Killed a death yak
 10222 | IceCv    | Killed from afar by a frost giant

Skill      XL: |  1  2  3  4  5  6  7  8  9 10 11 12 |
---------------+-------------------------------------+-----
Fighting       | 4 5 6 7 |  7.3
Axes           | 4 5 6 7 11 14 16 | 16.0
Armour         | 3 4 6 8 9 |  9.2
Dodging        | 3 4 5 7 8 |  8.5
Crossbows      | 3 6 7 |  7.1
Evocations     | 2 5 |  5.9

Action                   |  1- 3 |  4- 6 |  7- 9 | 10-12 || total
-------------------------+-------+-------+-------+-------++-------
Melee: Hand axe          |    40 |   139 |    24 |       ||   203
       Headbutt          |     3 |    17 |    39 |   109 ||   168
       War axe           |       |       |   169 |   482 ||   651
 Fire: Arbalest          |       |       |       |     7 ||     7
Invok: Berserk           |       |     1 |     3 |     4 ||     8
       Trog's Hand       |       |     1 |     2 |     7 ||    10
       Brothers in Arms  |       |       |     1 |     5 ||     6
  Use: Scroll            |     4 |     5 |     5 |     3 ||    17
       Potion            |       |       |     3 |     2 ||     5
  Eat: Chunk             |       |     6 |    11 |    15 ||    32
       Ration            |       |     1 |       |     4 ||     5
Armor: Animal skin       |    12 |       |       |       ||    12
       Plate armour      |       |    83 |   111 |   214 ||   408
       Leather armour    |       |     4 |       |       ||     4
Dodge: Dodged            |    27 |    63 |    72 |   176 ||   338
